 Dungeon Crawl Stone Soup version 0.31-a0-1291-g5386780bc2 (webtiles) character file.

Game seed: 3152197098646300553

4771 Conn the Sneak (level 10, 49/49 HPs)
             Began as a Felid Fire Elementalist on Dec 18, 2023.
             Was a Follower of Sif Muna.
             Quit the game in a bailey.
             The game lasted 00:29:31 (9091 turns).

Conn the Sneak (Felid Fire Elementalist)            Turns: 9091, Time: 00:29:32

Health: 49/49      AC:  2    Str:  4    XL:     10   Next: 23%
Magic:  20/20      EV: 26    Int: 22    God:    Sif Muna [*.....]
Gold:   255        SH:  0    Dex: 18    Spells: 6/21 levels left
                                        Lives:  0   Deaths: 2

rFire   . .          .
                       - Unarmed
rCold   . . .        (shield unavailable)
rNeg    . . .        (body armour unavailable)
rPois   .            (helmet unavailable)
rElec   .            (cloak unavailable)
rCorr   .            (gloves unavailable)
SInv    +            (boots unavailable)
Will    +....        l - amulet of the acrobat
Stlth   ++++         g - +5 ring of evasion
HPRegen 0.28/turn    (no ring)
MPRegen 0.17/turn

%: acrobat
@: no status effects
A: very small, claws 1, fangs 3, see invisible, shaggy fur 2, stealthy paws, no
weapons or thrown items, no armour, multi-lived
a: Renounce Religion, Channel Magic


You were in a bailey.
You worshipped Sif Muna.
Sif Muna was aware of your devotion.
You visited 2 branches of the dungeon, and saw 8 of its levels.
You also visited: Bailey.

You collected 255 gold pieces.

Inventory:

Jewellery
 g - a +5 ring of evasion (left paw)
 l - an amulet of the acrobat (around neck)
 r - an amulet of magic regeneration
Wands
 c - a wand of quicksilver (9)
 o - a wand of roots (5)
 q - a wand of digging (8)
 s - a wand of paralysis (3)
Scrolls
 a - 2 scrolls of blinking
 b - 2 scrolls of revelation
 e - a scroll of enchant weapon
 h - 5 scrolls of immolation
 i - 2 scrolls of poison
 k - a scroll of enchant armour
 m - a scroll of butterflies
Potions
 j - a potion of lignification


   Skills:
 + Level 4.1 Fighting
 + Level 6.7 Dodging
 + Level 7.1 Stealth
 + Level 4.0 Unarmed Combat
 * Level 6.0 Spellcasting
 * Level 5.6 Conjurations
 - Level 5.0 Hexes
 + Level 2.7 Translocations
 * Level 6.2 Fire Magic
 + Level 3.0 Invocations


You had 6 spell levels left.
You knew the following spells:

 Your Spells              Type           Power      Damage    Failure   Level
a - Foxfire               Conj/Fire      100%       2x1d9     1%          1
b - Scorch                Fire           68%        2d7       1%          2
c - Inner Flame           Hex/Fire       31%        N/A       2%          3
d - Flame Wave            Conj/Fire      33%        2d10      8%          4
e - Blink                 Tloc           36%        N/A       4%          2
f - Dazzling Flash        Conj/Hex       60%        N/A       3%          3

Your spell library contained the following spells:

 Spells                   Type           Power      Damage    Failure   Level
 Volatile Blastmotes      Fire/Tloc      52%        2d14      4%          3
 Manifold Assault         Tloc           18%        N/A       28%         4
 Silence                  Hex/Air        8%         N/A       65%         5
 Agony                    Necr           6%         N/A       94%         5


Dungeon Overview and Level Annotations

Branches:
Dungeon (7/15)             Temple (1/1) D:4          Bailey (1/1)

Altars:
Ashenzari
Cheibriados
Dithmenos
Elyvilon
Fedhas
Gozag
Hepliaklqana
Kikubaaqudgha
Nemelex Xobeh
Okawaru
Qazlal
Sif Muna
Trog
Uskayaw
Vehumet
Wu Jian
Xom
Yredelemnul
Zin
The Shining One

Shops:
D:3 =

Annotations:
D:5 jotaen's ghost, novice MiFi
D:6 Dowan; Duvessa
Temple 2 transporters


Innate Abilities, Weirdness & Mutations

You have sharp claws.
You have razor-sharp teeth.
You have supernaturally acute eyesight. (SInv)
You are covered in thick fur. (AC +2)
Your paws help you pounce on unaware monsters.
You are incapable of wielding weapons or throwing items.
You cannot wear armour.
You gain extra lives every three experience levels.


Message History

Found two leather armours and a robe.
Found a leather armour.
There is an open door here.
You see here a +0 leather armour.
You close the door.
An orc knight breaks down the door.
Casting: Blink (safe; 4% risk of failure)
Confirm with . or Enter, or press ? or * to list all spells.
Okay, then.
Unknown command.
Unknown command.
Unknown command.
You see here a +0 leather armour.
There is an open door here.
Found a war axe and a hand axe.
There is an open door here.
Casting: Blink (safe; 4% risk of failure)
Confirm with . or Enter, or press ? or * to list all spells.
Casting: Dazzling Flash (dangerous; 3% risk of failure)
Press: ? - help, Dir - look around, f - activate The orc knight is dazzled.
You see here a +0 war axe.
Casting: Dazzling Flash (dangerous; 3% risk of failure)
Confirm with . or Enter, or press ? or * to list all spells.
Okay, then.
You feel better.
The orc knight shouts!
The orc knight is no longer blind.
Casting: Dazzling Flash (dangerous; 3% risk of failure)
Confirm with . or Enter, or press ? or * to list all spells.
You blink.
Unknown command.
The orc knight hits you with a +0 war axe!
You see here a +0 war axe.
There is an open door here.
The orc knight attacks as it pursues you!
The orc knight hits you with a +0 war axe!!
You die...
You rejoin the land of the living...
Unknown command.
Are you sure you want to abandon this character and quit the game? (Confirm with "yes".)

#≈≈≈≈≈#....#.....')8)8)8.# #
#≈≈≈≈§#.##############...######
#≈≈≈≈≈~.#!?'.# '....#......#.~
#≈≈§§§~.#??# #....#......#.~
#≈≈≈≈≈~§#..# #....#####''#.~
#≈≈≈≈≈~§#########....##....)#.~
#≈≈≈≈≈))#..8.8..#....##...))'.)
#≈≈≈≈≈~∩........'._..##..⌠)))..
#≈≈≈≈≈~.#..8.8@.#....##...†.)..
#≈≈≈≈≈~.#########....##....)#.~
#≈≈≈≈≈~.#..#.'..#....#####''#.~
#≈≈≈≈≈S.#))#†#[[#....#......#.~
#≈≈≈≈≈~.#..o.#[['....#......#.~
≈≈≈≈≈#.##############...######
≈≈≈≈≈#. #....)).8.8.8.# # ≈≈
'.....#.......# # ≈
############### #


There were no monsters in sight!

Vanquished Creatures
  2 orc knights (Bailey)
  Maurice (D:7)
  2 kobold demonologists (Bailey)
  Prince Ribbit (D:5)
  Eustachio (D:6)
  A steam dragon (D:6)
  A water moccasin (D:7)
  An ice beast (D:6)
  5 orc warriors (Bailey)
  A black bear (D:6)
  2 ogres (D:5)
  A centaur (D:6)
  2 phantoms (D:5)
  A kobold brigand (D:5)
  2 scorpions
  6 killer bees (D:7)
  3 electric eels (Bailey)
  A crimson imp (D:6)
  5 hounds
  A jelly (D:4)
  3 orc priests
  A sleepcap (D:6)
  Ijyb (D:3)
  2 iguanas
  6 orc wizards
  9 gnolls
  6 adders
  A shadow imp (D:6)
  2 white imps
  2 dart slugs
  2 worms (D:2)
  20 orcs
  13 ball pythons
  6 bats
  3 endoplasms
  A giant cockroach (D:2)
  21 goblins
  10 hobgoblins
  2 jackals (D:3)
  4 quokkas
  4 frilled lizards
  18 kobolds
  4 rats
181 creatures vanquished.

Vanquished Creatures (collateral kills)
  6 foxfires (D:3)
6 creatures vanquished.

Vanquished Creatures (others)
  A hobgoblin (Bailey)
  A quokka (D:6)
  518 foxfires
520 creatures vanquished.

Grand Total: 707 creatures vanquished

Notes
Turn   | Place    | Note
-------+----------+-------------------------------------------
     0 | D:1      | Conn the Felid Fire Elementalist began the quest for the
                  | Orb.
     0 | D:1      | Reached XP level 1. HP: 9/9 MP: 4/4
    21 | D:1      | Reached skill level 1 in Conjurations
   121 | D:1      | Reached skill level 3 in Stealth
   121 | D:1      | Reached XP level 2. HP: 13/13 MP: 1/6
   179 | D:1      | Learned a level 2 spell: Scorch
  1199 | D:2      | Reached XP level 3. HP: 16/16 MP: 4/7
  1203 | D:2      | Learned a level 3 spell: Inner Flame
  1888 | D:2      | Identified the +1 robe of Bovaont {Str+2 SInv}
  2029 | D:2      | Reached XP level 4. HP: 18/21 MP: 1/8
  2953 | D:3      | Reached skill level 1 in Hexes
  2953 | D:3      | Reached XP level 5. HP: 8/25 MP: 1/10
  3087 | D:3      | Found Cereddao's Jewellery Emporium.
  3252 | D:3      | Noticed Ijyb
  3259 | D:3      | Killed Ijyb
  3260 | D:3      | Reached skill level 4 in Stealth
  3362 | D:3      | Identified the +7 dagger "Xeudiggoff" {freeze, rC+ Str+2
                  | Dex-3}
  3695 | D:4      | Reached skill level 1 in Fighting
  3698 | D:4      | Gained mutation: You are covered in thick fur. (AC +2)
                  | [Felid growth]
  3698 | D:4      | Reached XP level 6. HP: 30/30 MP: 2/11
  3857 | D:4      | Reached skill level 1 in Unarmed Combat
  4073 | D:5      | Entered Level 5 of the Dungeon
  4206 | D:5      | Found a shimmering blue altar of Sif Muna.
  4209 | D:5      | Noticed Prince Ribbit
  4215 | D:5      | Killed Prince Ribbit
  4216 | D:5      | Reached XP level 7. HP: 16/33 MP: 7/13
  4220 | D:5      | Became a worshipper of Sif Muna the Loreminder
  4623 | D:5      | Found a large runed translucent door.
  4623 | D:5      | Found a large runed translucent door.
  4627 | D:5      | Noticed jotaen's ghost (novice MiFi)
  4794 | D:5      | Reached skill level 5 in Stealth
  4870 | D:4      | Reached skill level 5 in Dodging
  4870 | D:4      | Reached XP level 8. HP: 18/39 MP: 3/15
  5087 | D:4      | Found a staircase to the Ecumenical Temple.
  5209 | Temple   | Found a transporter.
  5209 | Temple   | Found a transporter.
  5209 | Temple   | Found a transporter.
  5209 | Temple   | Found a transporter.
  5209 | Temple   | Entered the Ecumenical Temple
  5534 | D:4      | Found a blossoming altar of Fedhas.
  5534 | D:4      | Found a glowing golden altar of the Shining One.
  5541 | D:4      | Found a sparkling altar of Nemelex Xobeh.
  5544 | D:4      | Found a broken altar of Ashenzari.
  5549 | D:4      | Found a snail-covered altar of Cheibriados.
  5551 | D:4      | Found a stormy altar of Qazlal.
  5770 | D:5      | Reached * piety under Sif Muna
  5777 | D:5      | Identified the +7 long sword of Zunly {heavy, *Noise rElec
                  | rC++ rN+}
  6526 | D:5      | Learned a level 4 spell: Flame Wave
  6529 | D:5      | Learned a level 2 spell: Blink
  6533 | D:5      | Learned a level 3 spell: Dazzling Flash
  7239 | D:6      | Reached skill level 1 in Invocations
  7605 | D:6      | Reached skill level 5 in Fire Magic
  7753 | D:6      | Found a shimmering altar of Xom.
  7971 | D:6      | Noticed Eustachio
  7979 | D:7      | Noticed Maurice
  7989 | D:6      | Killed Eustachio
  7990 | D:6      | Reached XP level 9. HP: 38/44 MP: 0/17
  8126 | D:6      | Found a white marble altar of Elyvilon.
  8126 | D:6      | Noticed Dowan
  8127 | D:6      | Noticed Duvessa
  8175 | D:7      | Reached skill level 5 in Spellcasting
  8186 | D:7      | Reached skill level 6 in Stealth
  8191 | D:7      | Killed Maurice
  8421 | D:7      | Found a flagged portal.
  8426 | Bailey   | Entered a bailey
  8461 | Bailey   | Reached skill level 5 in Conjurations
  8598 | Bailey   | Noticed an orc knight
  8643 | Bailey   | Killed an orc knight
  8644 | Bailey   | Reached skill level 5 in Hexes
  8644 | Bailey   | Reached skill level 1 in Translocations
  8784 | Bailey   | Noticed an orc knight
  8795 | Bailey   | Killed an orc knight
  8796 | Bailey   | Reached XP level 10. HP: 24/49 MP: 3/19
  8828 | Bailey   | Killed by an exploding goblin... ignited by their inner
                  | flame
  8834 | Bailey   | Noticed a smoke demon
  8851 | Bailey   | Reached skill level 7 in Stealth
  9031 | Bailey   | Identified the +0 ring mail "Aptagi" {rF- Str+5}
  9065 | Bailey   | Noticed an orc knight
  9067 | Bailey   | Found an iron altar of Okawaru.
  9090 | Bailey   | Slain by an orc knight
  9091 | Bailey   | Quit the game

Illustrated notes

Levels and vault maps discovered:
D:1:      mrwooster_arrival_statue_3, layout_basic
D:2:      layout_basic
D:3:      kennysheep_the_goblin_king, layout_basic, serial_shops, shop,
          serial_bayou_lagoon_b
D:4:      minmay_angry_zag, layout_basic, nicolae_overflow_hallway_of_the_gods,
          minmay_temple_entry_enclosed_plants
D:5:      layout_basic, led_sif_book, ebering_ghost_disaster_area,
          water_maze_lemuel, uniq_prince_ribbit1
D:6:      minmay_chambers_of_sixes, layout_loops_corners, led_xom_imps,
          elyvilon_altar_4, uniq_duvessa, uniq_eustachio
D:7:      cheibrodos_statue_roulette, layout_loops_corners, enter_bailey_3,
          uniq_pikel, uniq_maurice, uniq_crazy_yiuf_cottage
Temple:   hellmonk_temple_divided_pantheon
Bailey:   bailey_axe_of_yendor_kennysheep, bailey

Skill      XL: |  1  2  3  4  5  6  7  8  9 10 |
---------------+-------------------------------+-----
Conjurations   | 1 2 3 4 5 |  5.6
Stealth        | 3 4 5 6 7 |  7.1
Dodging        | 3 4 5 6 |  6.7
Fire Magic     | 3 4 5 6 |  6.2
Hexes          | 1 2 3 4 5 |  5.0
Spellcasting   | 3 4 5 6 |  6.0
Fighting       | 1 2 3 4 |  4.1
Unarmed Combat | 1 2 3 4 |  4.0
Invocations    | 1 2 3 |  3.0
Translocations | 2 |  2.7

Action                     |  1- 3 |  4- 6 |  7- 9 | 10-12 || total
---------------------------+-------+-------+-------+-------++-------
  Melee: Unarmed           |    27 |    27 |   121 |    11 ||   186
         Bite              |     2 |     1 |    17 |     1 ||    21
         Punch             |     1 |     3 |     5 |       ||     9
   Cast: Foxfire           |    79 |    97 |   105 |    19 ||   300
         Inner Flame       |       |     2 |    18 |     4 ||    24
         Scorch            |       |     4 |    47 |     4 ||    55
         Dazzling Flash    |       |       |     9 |     1 ||    10
         Blink             |       |       |     6 |     2 ||     8
         Flame Wave        |       |       |     9 |     3 ||    12
 Invoke: Channel Magic     |       |       |     3 |     1 ||     4
  Evoke: Wand              |       |     1 |     4 |       ||     5
    Use: Potion            |       |     3 |     7 |     1 ||    11
         Scroll            |       |     3 |     7 |       ||    10
   Stab: Sleeping          |     1 |     5 |     2 |       ||     8
         Invisible         |       |     2 |     2 |       ||     4
         Distracted        |       |       |       |     1 ||     1
 Armour: Skin              |    16 |    10 |    77 |    11 ||   114
  Dodge: Dodged            |    29 |    18 |   258 |    27 ||   332

Table legend: (Time is in decaauts)
 A = Elapsed time spent in this place.
 B = Non-inter-level travel time spent in this place.
 C = Inter-level travel time spent in this place.
 D = Time resting spent in this place.
 E = Time spent auto-exploring this place.
 F = Levels seen in this place.
 G = Mean time per level.
                   A        B        C        D        E       F      G
               +--------+--------+--------+--------+--------+-----+--------+
         Total |   9121 |   9012 |    109 |    861 |   6047 |   9 | 1013.4 |
       Dungeon |   8449 |   8341 |    108 |    554 |   6000 |   7 | 1207.0 |
        Temple |      1 |      1 |      0 |      0 |      0 |   1 |    1.0 |
        Bailey |    670 |    670 |      0 |    307 |     47 |   1 |  670.0 |
               +--------+--------+--------+--------+--------+-----+--------+

Top non-repeatable levels by time:
     D:5: 2096 daAuts
     D:2: 1458 daAuts
     D:4: 1372 daAuts
     D:3: 1119 daAuts
     D:1: 1118 daAuts
     D:6: 895 daAuts
  Bailey: 670 daAuts
     D:7: 388 daAuts
  Temple: 1 daAuts
